TOP OF THE 1ST |
Paris Cubs batting - Pitching for Brockton Rox : RHP Pedro Fuentes
|
Pitching: RHP Pedro Fuentes
|
|
Batting: RHB Willie Rubio
|
0-0: SINGLE (Groundball, 34D, EV 101.2 MPH)
|
Batting: RHB Michihisa Tanaka
|
0-0: Ball 1-0: Called Strike 1-1: Called Strike Willie Rubio is caught stealing 2nd base 2-4 1-2: Ball 2-2: Fly out, F5 (Line Drive, 5, EV 69.4 MPH)
|
Batting: LHB Jeremy Rideout
|
0-0: Called Strike 0-1: Foul Ball, location: 2F 0-2: Ball 1-2: Fly out, F7 (Line Drive, 78M, EV 103.8 MPH)
|
Top of the 1st over - 0 runs, 1 hit, 0 errors, 0 left on base; Paris 0 - Brockton 0 |
BOTTOM OF THE 1ST |
Brockton Rox batting - Pitching for Paris Cubs : LHP Noah Hornby
|
Pitching: LHP Noah Hornby
|
|
Batting: LHB Darby Starburster
|
0-0: Called Strike 0-1: Ground out 6-3 (Groundball, 6, EV 91.2 MPH)
|
Batting: SHB Zach Clark
|
0-0: Ground out 5-3 (Groundball, 5S, EV 65.6 MPH)
|
Batting: RHB Matt Walker
|
0-0: Ball 1-0: Swinging Strike 1-1: Ball 2-1: DOUBLE (Groundball, 5L, EV 103.1 MPH)
|
Batting: LHB Isaiah Spitzbarth
|
0-0: Ground out 5-3 (Groundball, 56, EV 101.2 MPH)
|
Bottom of the 1st over - 0 runs, 1 hit, 0 errors, 1 left on base; Paris 0 - Brockton 0 |
TOP OF THE 2ND |
Paris Cubs batting - Pitching for Brockton Rox : RHP Pedro Fuentes
|
Batting: LHB David Mendez
|
0-0: Ball 1-0: Foul Ball, location: 2F 1-1: SOLO HOME RUN (Flyball, 9D, EV 98.8 MPH), Distance : 376 ft
|
Batting: RHB Jesus Resendez
|
0-0: Ball 1-0: Foul Ball, location: 2F 1-1: Foul Ball, location: 2F 1-2: Strikes out swinging
|
Batting: LHB Cameron Marinelli
|
0-0: Ball 1-0: Ball 2-0: Foul Ball, location: 2F 2-1: Foul Ball, location: 2F 2-2: Foul Ball, location: 2F 2-2: Foul Ball, location: 2F 2-2: Ball 3-2: Ground out 5-3 (Groundball, 5, EV 84.4 MPH)
|
Batting: RHB Jason Banks
|
0-0: Called Strike 0-1: Called Strike 0-2: Foul Ball, location: 2F 0-2: Foul Ball, location: 2F 0-2: Ball 1-2: Ball 2-2: Foul Ball, location: 2F 2-2: Fly out, F9 (Flyball, 89D, EV 101.9 MPH)
|
Top of the 2nd over - 1 run, 1 hit, 0 errors, 0 left on base; Paris 1 - Brockton 0 |
BOTTOM OF THE 2ND |
Brockton Rox batting - Pitching for Paris Cubs : LHP Noah Hornby
|
Batting: RHB Jose Blocker
|
0-0: Hit by Pitch
|
Batting: LHB Joe Martens
|
0-0: Called Strike 0-1: Swinging Strike 0-2: Foul Ball, location: 2F 0-2: Ball 1-2: Ball 2-2: TRIPLE (Line Drive, 8LXD, EV 103.8 MPH) Jose Blocker scores
|
Batting: SHB Mel Gonzalez
|
0-0: Foul Ball, location: 2F 0-1: Ball 1-1: Ball 2-1: Ball 3-1: Swinging Strike 3-2: Strikes out looking
|
Batting: RHB Jeremy Valk
|
0-0: Called Strike 0-1: Ball 1-1: Swinging Strike 1-2: Strikes out swinging
|
Batting: LHB Makoto Shimazu
|
0-0: Ball 1-0: Ball 2-0: Ground out 4-3 (Groundball, 4, EV 100.0 MPH)
|
Bottom of the 2nd over - 1 run, 1 hit, 0 errors, 1 left on base; Paris 1 - Brockton 1 |
TOP OF THE 3RD |
Paris Cubs batting - Pitching for Brockton Rox : RHP Pedro Fuentes
|
Batting: LHB Bobby Marlatt
|
0-0: Ball 1-0: Ball 2-0: Fly out, F2 (Popup, 23F, EV 90.6 MPH)
|
Batting: RHB Mike Prado
|
0-0: Ball 1-0: Called Strike 1-1: Swinging Strike 1-2: Ball 2-2: Foul Ball, location: 2F 2-2: Foul Ball, location: 2F 2-2: Strikes out looking
|
Batting: RHB Willie Rubio
|
0-0: Called Strike 0-1: Foul Ball, location: 2F 0-2: Strikes out swinging
|
Top of the 3rd over - 0 runs, 0 hits, 0 errors, 0 left on base; Paris 1 - Brockton 1 |
BOTTOM OF THE 3RD |
Brockton Rox batting - Pitching for Paris Cubs : LHP Noah Hornby
|
Batting: LHB Darby Starburster
|
0-0: Called Strike 0-1: Called Strike 0-2: Foul Ball, location: 2F 0-2: Ball 1-2: Strikes out looking
|
Batting: SHB Zach Clark
|
0-0: Ball 1-0: Called Strike 1-1: Ball 2-1: Fly out, F8 (Flyball, 8RD, EV 104.4 MPH)
|
Batting: RHB Matt Walker
|
0-0: Ball 1-0: Called Strike 1-1: Ball 2-1: Fly out, F9 (Flyball, 9, EV 86.9 MPH)
|
Bottom of the 3rd over - 0 runs, 0 hits, 0 errors, 0 left on base; Paris 1 - Brockton 1 |
TOP OF THE 4TH |
Paris Cubs batting - Pitching for Brockton Rox : RHP Pedro Fuentes
|
Batting: RHB Michihisa Tanaka
|
0-0: Called Strike 0-1: Ball 1-1: Fly out, F9 (Flyball, 89M, EV 87.5 MPH)
|
Batting: LHB Jeremy Rideout
|
0-0: Ball 1-0: Ground out 1-3 (Groundball, P, EV 64.4 MPH)
|
Batting: LHB David Mendez
|
0-0: Ball 1-0: Ball 2-0: Called Strike 2-1: Foul Ball, location: 2F 2-2: Foul Ball, location: 2F 2-2: Ground out 1-3 (Groundball, 13, EV 66.2 MPH)
|
Top of the 4th over - 0 runs, 0 hits, 0 errors, 0 left on base; Paris 1 - Brockton 1 |
BOTTOM OF THE 4TH |
Brockton Rox batting - Pitching for Paris Cubs : LHP Noah Hornby
|
Batting: LHB Isaiah Spitzbarth
|
0-0: Fly out, F8 (Flyball, 8RM, EV 84.4 MPH)
|
Batting: RHB Jose Blocker
|
0-0: Called Strike 0-1: Foul Ball, location: 2F 0-2: Ball 1-2: Strikes out looking
|
Batting: LHB Joe Martens
|
0-0: Called Strike 0-1: Ball 1-1: Called Strike 1-2: Foul Ball, location: 2F 1-2: Strikes out swinging
|
Bottom of the 4th over - 0 runs, 0 hits, 0 errors, 0 left on base; Paris 1 - Brockton 1 |
TOP OF THE 5TH |
Paris Cubs batting - Pitching for Brockton Rox : RHP Pedro Fuentes
|
Batting: RHB Jesus Resendez
|
0-0: Fly out, F9 (Flyball, 9LMF, EV 88.8 MPH)
|
Batting: LHB Cameron Marinelli
|
0-0: Ball 1-0: Ball 2-0: Ball 3-0: Base on Balls
|
Batting: RHB Jason Banks
|
0-0: Called Strike 0-1: Foul Ball, location: 2F 0-2: Ball 1-2: Strikes out swinging
|
Batting: LHB Bobby Marlatt
|
0-0: Called Strike 0-1: Called Strike Cameron Marinelli is caught stealing 2nd base 2-6
|
Top of the 5th over - 0 runs, 0 hits, 0 errors, 0 left on base; Paris 1 - Brockton 1 |
BOTTOM OF THE 5TH |
Brockton Rox batting - Pitching for Paris Cubs : LHP Noah Hornby
|
Batting: SHB Mel Gonzalez
|
0-0: Ball 1-0: Ball 2-0: Called Strike 2-1: Ball 3-1: Called Strike 3-2: Foul Ball, location: 2F 3-2: Strikes out swinging
|
Batting: RHB Jeremy Valk
|
0-0: Ball 1-0: Ball 2-0: Called Strike 2-1: Foul Ball, location: 2F 2-2: Ball 3-2: Ground out 4-3 (Groundball, 4, EV 98.8 MPH)
|
Batting: LHB Makoto Shimazu
|
0-0: Ball 1-0: Ground out 4-3 (Groundball, 4, EV 85.6 MPH)
|
Bottom of the 5th over - 0 runs, 0 hits, 0 errors, 0 left on base; Paris 1 - Brockton 1 |
TOP OF THE 6TH |
Paris Cubs batting - Pitching for Brockton Rox : RHP Pedro Fuentes
|
Batting: LHB Bobby Marlatt
|
0-0: Ball 1-0: Ground out 6-3 (Groundball, 4, EV 92.5 MPH)
|
Batting: RHB Mike Prado
|
0-0: Swinging Strike 0-1: Foul Ball, location: 2F 0-2: Strikes out looking
|
Batting: RHB Willie Rubio
|
0-0: Ball 1-0: Foul Ball, location: 2F 1-1: Foul Ball, location: 2F 1-2: Foul Ball, location: 2F 1-2: Strikes out swinging
|
Top of the 6th over - 0 runs, 0 hits, 0 errors, 0 left on base; Paris 1 - Brockton 1 |
BOTTOM OF THE 6TH |
Brockton Rox batting - Pitching for Paris Cubs : LHP Noah Hornby
|
Batting: LHB Darby Starburster
|
0-0: Foul Ball, location: 2F 0-1: Ball 1-1: Foul Ball, location: 2F 1-2: Foul Ball, location: 2F 1-2: Strikes out swinging
|
Batting: SHB Zach Clark
|
0-0: Called Strike 0-1: Foul Ball, location: 2F 0-2: Ball 1-2: Fly out, F8 (Flyball, 8RD, EV 105.6 MPH)
|
Batting: RHB Matt Walker
|
0-0: Ball 1-0: Foul Ball, location: 2F 1-1: SINGLE (Line Drive, 9S, EV 105.6 MPH)
|
Batting: LHB Isaiah Spitzbarth
|
0-0: Swinging Strike 0-1: Ball 1-1: Fly out, F7 (Line Drive, 7, EV 87.5 MPH)
|
Bottom of the 6th over - 0 runs, 1 hit, 0 errors, 1 left on base; Paris 1 - Brockton 1 |
TOP OF THE 7TH |
Paris Cubs batting - Pitching for Brockton Rox : RHP Pedro Fuentes
|
Batting: RHB Michihisa Tanaka
|
0-0: Ball 1-0: Foul Ball, location: 2F 1-1: Called Strike 1-2: Ball 2-2: Strikes out swinging
|
Pitching: RHP Chris Hallman
|
|
Batting: LHB Jeremy Rideout
|
0-0: Called Strike 0-1: SINGLE (Line Drive, 6MD, EV 108.8 MPH)
|
Batting: LHB David Mendez
|
0-0: Grounds into double play, 4-6-3 (Groundball, 34, EV 80.6 MPH)
|
Top of the 7th over - 0 runs, 1 hit, 0 errors, 0 left on base; Paris 1 - Brockton 1 |
BOTTOM OF THE 7TH |
Brockton Rox batting - Pitching for Paris Cubs : LHP Noah Hornby
|
Pitching: RHP Carsten Kosters
|
|
Batting: RHB Jose Blocker
|
0-0: Ball 1-0: Foul Ball, location: 2F 1-1: Foul Ball, location: 2F 1-2: Foul Ball, location: 2F 1-2: Ball 2-2: Strikes out swinging
|
Pitching: RHP Reginald Bamber
|
|
Batting: LHB Joe Martens
|
0-0: Called Strike 0-1: Ball 1-1: Foul Ball, location: 2F 1-2: Foul Ball, location: 2F 1-2: Foul Ball, location: 2F 1-2: Strikes out swinging
|
Batting: SHB Mel Gonzalez
|
0-0: Ball 1-0: Called Strike 1-1: Called Strike 1-2: Foul Ball, location: 2F 1-2: Strikes out looking and he ARGUES THE CALL AND IS TOSSED!
|
Bottom of the 7th over - 0 runs, 0 hits, 0 errors, 0 left on base; Paris 1 - Brockton 1 |
TOP OF THE 8TH |
Paris Cubs batting - Pitching for Brockton Rox : RHP Chris Hallman
|
Now at C: Rob Romero
|
|
Pinch Hitting: LHB Tyler Schuettler
|
0-0: Called Strike 0-1: Ground out 4-3 (Groundball, 4, EV 103.8 MPH)
|
Batting: LHB Cameron Marinelli
|
0-0: Foul Ball, location: 2F 0-1: Called Strike 0-2: Ball 1-2: Strikes out swinging
|
Batting: RHB Jason Banks
|
0-0: Called Strike 0-1: Foul Ball, location: 2F 0-2: Ball 1-2: Strikes out swinging
|
Top of the 8th over - 0 runs, 0 hits, 0 errors, 0 left on base; Paris 1 - Brockton 1 |
BOTTOM OF THE 8TH |
Brockton Rox batting - Pitching for Paris Cubs : RHP Reginald Bamber
|
Now in RF: Zach Martin
|
|
Batting: RHB Kyle Franken
|
0-0: Foul Ball, location: 2F 0-1: Foul Ball, location: 2F 0-2: Foul Ball, location: 2F 0-2: Strikes out swinging
|
Batting: LHB Makoto Shimazu
|
0-0: Called Strike 0-1: Foul Ball, location: 2F 0-2: Ball 1-2: Strikes out swinging
|
Batting: LHB Darby Starburster
|
0-0: Ball 1-0: Ball 2-0: Swinging Strike 2-1: Called Strike 2-2: Strikes out swinging
|
Bottom of the 8th over - 0 runs, 0 hits, 0 errors, 0 left on base; Paris 1 - Brockton 1 |
TOP OF THE 9TH |
Paris Cubs batting - Pitching for Brockton Rox : RHP Chris Hallman
|
Batting: LHB Bobby Marlatt
|
0-0: Called Strike 0-1: Ball 1-1: Foul Ball, location: 2F 1-2: Foul Ball, location: 2F 1-2: Ball 2-2: Foul Ball, location: 2F 2-2: Strikes out swinging
|
Batting: RHB Mike Prado
|
0-0: Swinging Strike 0-1: Ball 1-1: Ball 2-1: Swinging Strike 2-2: Strikes out swinging
|
Batting: RHB Willie Rubio
|
0-0: Ball 1-0: Fly out, F7 (Flyball, 7, EV 90.6 MPH)
|
Top of the 9th over - 0 runs, 0 hits, 0 errors, 0 left on base; Paris 1 - Brockton 1 |
BOTTOM OF THE 9TH |
Brockton Rox batting - Pitching for Paris Cubs : RHP Reginald Bamber
|
Pitching: RHP Steve Flynn
|
|
Batting: SHB Zach Clark
|
0-0: Called Strike 0-1: Ground out U3 (Groundball, 34S, EV 85.0 MPH)
|
Batting: RHB Matt Walker
|
0-0: Fly out, F8 (Flyball, 78S, EV 88.8 MPH)
|
Batting: LHB Isaiah Spitzbarth
|
0-0: Fly out, F9 (Flyball, 9LDF, EV 103.8 MPH)
|
Bottom of the 9th over - 0 runs, 0 hits, 0 errors, 0 left on base; Paris 1 - Brockton 1 |
TOP OF THE 10TH |
Paris Cubs batting - Pitching for Brockton Rox : RHP Chris Hallman
|
Pitching: RHP Carlos Salazar
|
|
Pinch Hitting: LHB Don Crockett
|
0-0: Fly out, F8 (Flyball, 8LS, EV 88.8 MPH)
|
Batting: LHB Jeremy Rideout
|
0-0: Fly out, F6 (Line Drive, 6M, EV 64.4 MPH)
|
Batting: LHB David Mendez
|
0-0: Ball 1-0: Ball 2-0: Ground out 4-3 (Groundball, 4, EV 96.2 MPH)
|
Top of the 10th over - 0 runs, 0 hits, 0 errors, 0 left on base; Paris 1 - Brockton 1 |
BOTTOM OF THE 10TH |
Brockton Rox batting - Pitching for Paris Cubs : RHP Steve Flynn
|
Now at 3B: Jorge Robles
|
|
Batting: RHB Jose Blocker
|
0-0: Ball 1-0: Called Strike 1-1: Foul Ball, location: 2F 1-2: Ball 2-2: Strikes out swinging
|
Batting: LHB Joe Martens
|
0-0: Called Strike 0-1: Ball 1-1: Ball 2-1: Foul Ball, location: 2F 2-2: Fly out, F9 (Flyball, 9LM, EV 94.4 MPH)
|
Pinch Hitting: LHB Jim Connel
|
0-0: Ball 1-0: Called Strike 1-1: TRIPLE (Groundball, 3L, EV 103.8 MPH)
|
Batting: RHB Kyle Franken
|
0-0: Intentional Walk
|
Pinch Hitting: LHB Eddie Noon
|
0-0: Fly out, F4 (Popup, 34, EV 69.4 MPH)
|
Bottom of the 10th over - 0 runs, 1 hit, 0 errors, 2 left on base; Paris 1 - Brockton 1 |
TOP OF THE 11TH |
Paris Cubs batting - Pitching for Brockton Rox : RHP Carlos Salazar
|
Now at C: David Stone
|
|
Now at 2B: Joe Borrowman
|
|
Now at SS: Darby Starburster
|
|
Batting: LHB Zach Martin
|
0-0: Ground out 4-3 (Groundball, 13, EV 83.1 MPH)
|
Batting: LHB Cameron Marinelli
|
0-0: Called Strike 0-1: Ball 1-1: Foul Ball, location: 2F 1-2: Ball 2-2: Foul Ball, location: 2F 2-2: Foul Ball, location: 2F 2-2: Ground out 4-3 (Groundball, 4, EV 89.4 MPH)
|
Batting: RHB Jason Banks
|
0-0: Called Strike 0-1: Foul Ball, location: 2F 0-2: DOUBLE (Flyball, 89D, EV 106.2 MPH)
|
Batting: LHB Bobby Marlatt
|
0-0: Intentional Walk
|
Batting: RHB Mike Prado
|
0-0: Fielders Choice at 2nd, 5-4 (Groundball, 56, EV 84.4 MPH)
|
Top of the 11th over - 0 runs, 1 hit, 0 errors, 2 left on base; Paris 1 - Brockton 1 |
BOTTOM OF THE 11TH |
Brockton Rox batting - Pitching for Paris Cubs : RHP Steve Flynn
|
Batting: LHB Darby Starburster
|
0-0: Ball 1-0: Foul Ball, location: 2F 1-1: Ball 2-1: Ball 3-1: Called Strike 3-2: Foul Ball, location: 2F 3-2: SOLO HOME RUN (Flyball, 89XD, EV 102.5 MPH), Distance : 417 ft
|
Bottom of the 11th over - 1 run, 1 hit, 0 errors, 0 left on base; Paris 1 - Brockton 2 |
|